 Dungeon Crawl Stone Soup version 0.24.1-14-gf8d2b509d9 (webtiles) character file.

Game seed: 8316178705325464993, levelgen mode: deterministic

1052 Curus the Carver (level 8, -11/94 HPs)
             Began as a White Draconian Berserker on May 31, 2020.
             Was a High Priest of Trog.
             Mangled by Prince Ribbit (18 damage)
             ... on level 5 of the Dungeon.
             The game lasted 00:24:24 (5091 turns).

Curus the Carver (White Draconian Berserker)        Turns: 5091, Time: 00:24:24

Health: -11/94     AC:  6    Str: 24 (25) XL:     8   Next: 5%
Magic:  8/8        EV: 13    Int:  7 (8)  God:    Trog [*****.]
Gold:   217        SH:  0    Dex: 14      Spells: 7/7 levels left

rFire    . . .     SeeInvis .   a - +1 falchion
rCold    + + .     Gourm    .   (no shield)
rNeg     . . .     Faith    .   (armour unavailable)
rPois    .         Spirit   .   (helmet restricted)
rElec    .         Reflect  .   (no cloak)
rCorr    .         Harm     .   (no gloves)
MR       .....     Clarity  +   (no boots)
Stlth    ..........             f - amulet of magic regeneration
HPRegen  0.25/turn              d - ring of protection from cold
MPRegen  0.36/turn              (no ring)

@: berserking, short of breath, very quick
A: breathe frost, unfitting armour, agile 1, clarity, cold resistance 1,
cold-blooded, AC +6
a: Breathe Frost, Berserk, Trog's Hand, Brothers in Arms, Renounce Religion


You were on level 5 of the Dungeon.
You worshipped Trog.
Trog was extremely pleased with you.
You were near starving.

You visited 1 branch of the dungeon, and saw 5 of its levels.
You also visited: Ossuary.

You collected 217 gold pieces.

Inventory:

Hand Weapons
 a - a +1 falchion (weapon)
Jewellery
 d - a ring of protection from cold (left hand)
 f - an amulet of magic regeneration (around neck)
 k - a cursed amulet of inaccuracy {unknown}
Scrolls
 e - 8 scrolls of identify
 g - a scroll of teleportation
 i - a scroll of remove curse
Potions
 c - 6 potions of mutation
 h - a potion of agility
 j - a potion of resistance
 l - 2 potions of curing
 m - 2 potions of flight
 n - a potion of haste
Comestibles
 b - 10 rations


   Skills:
 - Level 3.2 Fighting
 + Level 9.9 Long Blades
 - Level 2.6 Dodging


You had 7 spell levels left.
You didn't know any spells.
Your spell library was empty.

Dungeon Overview and Level Annotations

Branches:
Dungeon (5/15)             Temple (0/1) D:4         Ossuary (visited)

Altars:
Kikubaaqudgha
Sif Muna
Vehumet
Wu Jian
Yredelemnul

Shops:
D:5 %

Annotations:
D:5 Prince Ribbit


Innate Abilities, Weirdness & Mutations

You can breathe waves of freezing cold.
You can buffet flying creatures when you breathe cold.
Your icy white scales are hard. (AC +6)
You cannot fit into any form of body armour.
Your flesh is cold resistant. (rC+)
You are cold-blooded and may be slowed by cold attacks.
You are agile. (Dex +2)
You possess an exceptional clarity of mind.


Message History

Prince Ribbit is moderately wounded.
Prince Ribbit hits you!
Press: ? - help, Shift-Dir - straight line, f - Prince Ribbit
Aim: Prince Ribbit (moderately wounded)
You exhale a wave of freezing cold.
The freezing breath hits Prince Ribbit!
Prince Ribbit is heavily wounded.
You feel somewhat more hungry. Prince Ribbit closely misses you.
You barely miss Prince Ribbit.
Your tail-slap misses Prince Ribbit.
Prince Ribbit is heavily wounded.
Prince Ribbit lets out a mournful croak.
Prince Ribbit hits you!
* * * LOW HITPOINT WARNING * * *
A red film seems to cover your vision as you go berserk!
You feel yourself moving faster!
You feel mighty!
You are near starving!
Prince Ribbit lets out a mournful croak.
Prince Ribbit hits you.
* * * LOW HITPOINT WARNING * * *
Prince Ribbit hits you!!
You die...

######....###
####....###
##..........#
##............
#..........#..
##.............
##.............#
#..............#
#....F@.........
#...............
#...............
##..............
##.............
###..........
##.........
##........


You could see Prince Ribbit.

Vanquished Creatures
  Eustachio (D:4)
  A sky beast (D:5)
  3 water moccasin zombies (Ossuary)
  A scorpion (D:4)
  A crimson imp (D:5)
  Jessica (D:2)
  2 orc wizards (D:4)
  2 worker ants
  5 big kobold zombies (Ossuary)
  A hound skeleton (D:5)
  3 mummies
  12 gnolls
  2 howler monkey skeletons (D:5)
  4 adders
  2 oozes
  5 adder zombies (Ossuary)
  2 worms
  2 dart slugs
  A leopard gecko (D:4)
  12 orcs
  6 giant cockroaches
  2 gnoll zombies (Ossuary)
  10 goblins
  7 hobgoblins
  4 jackals (D:1)
  8 kobolds
  A quokka (D:3)
  A ball python (D:2)
  8 bats
  6 frilled lizards
  5 hobgoblin zombies (Ossuary)
  8 kobold zombies (Ossuary)
  A leopard gecko skeleton (D:4)
  4 orc zombies (Ossuary)
  5 rats
139 creatures vanquished.

Notes
Turn   | Place    | Note
-------+----------+-------------------------------------------
     0 | D:1      | Curus the Draconian Berserker began the quest for the Orb.
     0 | D:1      | Reached XP level 1. HP: 19/19 MP: 1/1
    71 | D:1      | Gained mutation: You possess an exceptional clarity of
                  | mind. [potion of mutation]
    71 | D:1      | Gained mutation: You are agile. (Dex +2) [potion of
                  | mutation]
   150 | D:1      | Reached XP level 2. HP: 26/26 MP: 2/2
   325 | D:1      | Reached skill level 4 in Long Blades
   341 | D:1      | Reached ** piety under Trog
   719 | D:1      | Reached XP level 3. HP: 29/31 MP: 3/3
   831 | D:2      | Noticed Jessica
   834 | D:2      | Killed Jessica
   859 | D:2      | Reached XP level 4. HP: 23/38 MP: 4/4
   913 | D:2      | Reached skill level 5 in Long Blades
  1725 | D:2      | Found a radiant altar of Vehumet.
  1725 | D:2      | Found an ancient bone altar of Kikubaaqudgha.
  1726 | D:2      | Found a shimmering blue altar of Sif Muna.
  1920 | D:3      | Reached XP level 5. HP: 34/45 MP: 5/5
  2251 | D:3      | Reached skill level 6 in Long Blades
  2262 | D:3      | HP: 3/67 [gnoll/+0 spear (5)]
  2407 | D:3      | Reached *** piety under Trog
  2678 | D:3      | HP: 3/67 [hobgoblin/+0 club (3)]
  2684 | D:3      | HP: 2/45 [poisoned by an adder]
  3172 | D:3      | Reached XP level 6. HP: 49/51 MP: 6/6
  3237 | D:4      | Noticed Eustachio
  3272 | D:4      | Killed Eustachio
  3272 | D:4      | Reached skill level 7 in Long Blades
  3598 | D:4      | Reached skill level 8 in Long Blades
  3629 | D:4      | Found a sand-covered staircase.
  3638 | D:4      | Your scales start taking on an icy white colour.
  3638 | D:4      | Reached XP level 7. HP: 30/57 MP: 7/7
  3638 | D:4      | Gained mutation: Your flesh is cold resistant. (rC+) [White
                  | Draconian growth]
  3650 | Ossuary  | Entered an ossuary
  3699 | Ossuary  | Reached **** piety under Trog
  3989 | Ossuary  | Reached skill level 9 in Long Blades
  4384 | D:4      | Found an ornate altar of the Wu Jian Council.
  4485 | D:4      | Found a staircase to the Ecumenical Temple.
  4487 | D:4      | Found a faded altar of an unknown god.
  4743 | D:5      | Entered Level 5 of the Dungeon
  4927 | D:5      | Found a basalt altar of Yredelemnul.
  5014 | D:5      | Found Onoliy's Food Emporium.
  5072 | D:5      | Reached XP level 8. HP: 43/63 MP: 8/8
  5077 | D:5      | Noticed Prince Ribbit
  5085 | D:5      | Reached ***** piety under Trog
  5091 | D:5      | Mangled by Prince Ribbit

Levels and vault maps discovered:
D:1:      nicolae_arrival_somewhat_less_tricky_arrival, layout_basic
D:2:      layout_loops_corners, grunt_temple_overflow_magic_moments,
          uniq_jessica
D:3:      layout_rooms, dk_noncrumbling_2, minmay_close_crescents
D:4:      layout_gridville, old_standard_altar, nicolae_temple_entry_ecumenical,
          gup_ossuary_entry_pyramid, first_ration, uniq_eustachio
D:5:      layout_cave_pods, old_standard_altar, serial_shops, shop_statue,
          kennysheep_generic_room_8, uniq_prince_ribbit1

Skill      XL: |  1  2  3  4  5  6  7 |
---------------+----------------------+-----
Long Blades    | 4 5 6 8 9 |  9.9
Fighting       | |  3.2
Dodging        | |  2.6

Action                   |  1- 3 |  4- 6 |  7- 9 || total
-------------------------+-------+-------+-------++-------
Melee: Falchion          |    74 |   195 |   243 ||   512
       Tailslap          |     8 |    38 |    53 ||    99
Invok: Berserk           |       |     5 |     2 ||     7
       Trog's Hand       |       |     1 |       ||     1
 Abil: Breathe Frost     |       |       |     1 ||     1
  Use: Potion            |     2 |     4 |     5 ||    11
       Scroll            |     1 |     5 |     3 ||     9
 Stab: Distracted        |       |     1 |       ||     1
       Sleeping          |       |     1 |       ||     1
  Eat: Chunk             |       |    11 |     2 ||    13
       Ration            |       |     1 |     1 ||     2
Armor: Skin              |    15 |    66 |    61 ||   142
Dodge: Dodged            |    45 |   156 |    97 ||   298
       Rpst.: Falchion   |    18 |    48 |    36 ||   102
